 Dungeon Crawl Stone Soup version 0.30-a0-760-g5a9884bb7c (webtiles) character file.

Game seed: 3840466433010384475

755 Conn the Firebug (level 7, 0/64 HPs)
             Began as an Octopode Fire Elementalist on Feb 11, 2023.
             Slain by an ogre
             ... wielding a +0 giant club
              (15 damage)
             ... on level 4 of the Dungeon.
             The game lasted 00:13:52 (3725 turns).

Conn the Firebug (Octopode Fire Elementalist)       Turns: 3725, Time: 00:13:53

Health: 0/64       AC: 23    Str: 13    XL:     7   Next: 79%
Magic:  0/13       EV:  2    Int: 19    God:
Gold:   104        SH:  0    Dex: 13    Spells: 5/15 levels left

rFire   x . .      SeeInvis .    t - -2 mace (protect)
rCold   + . .      Faith    .    (no shield)
rNeg    . . .      Spirit   .    (helmet currently unavailable)
rPois   +          Reflect  .    (no amulet)
rElec   .          Harm     .    d - ring of ice
rCorr   .          Rampage  .    j - +6 ring of strength
Will    .....      NoTele   +    (no ring)
Stlth   +++                      (no ring)
HPRegen 0.30/turn                (no ring)
MPRegen 0.13/turn                (no ring)
                                 (no ring)
                                 (no ring)

@: tree-form, very slightly contaminated
A: stationary, stasis, torment immunity, boosted hp, almost no armour,
(amphibious), 8 rings, (camouflage 1), (gelatinous body 1), (nimble swimmer 1),
(tentacles), (large bone plates 1), (cold vulnerability 1), devolution 1
a: no special abilities


You were on level 4 of the Dungeon.
You were a tree.
You visited 1 branch of the dungeon, and saw 4 of its levels.

You collected 159 gold pieces.
You spent 55 gold pieces at shops.

Inventory:

Hand Weapons
 f - a +0 dagger
 o - a +1 war axe of distortion
 t - a -2 mace of protection (weapon)
Jewellery
 d - a ring of ice (left branch)
 j - a +6 ring of strength (right branch)
Wands
 h - a wand of flame (5)
 p - a wand of quicksilver (9)
Scrolls
 b - a scroll of brand weapon {unknown}
 e - a scroll of blinking
 i - a scroll of teleportation
 k - 2 scrolls of enchant armour
 r - a scroll of vulnerability
Potions
 a - a potion of magic
 c - a potion of curing
 g - a potion of resistance
 l - 2 potions of brilliance
 m - a potion of ambrosia
 s - a potion of degeneration {unknown}


   Skills:
 + Level 1.3 Fighting
 + Level 0.5 Short Blades
 + Level 2.3 Axes
 + Level 0.1(1.3) Maces & Flails
 + Level 2.5 Dodging
 + Level 4.7 Stealth
 + Level 0.1 Shields
 + Level 0.1 Unarmed Combat
 + Level 4.5 Spellcasting
 + Level 3.0 Conjurations
 + Level 5.2 Fire Magic


You had 5 spell levels left.
You knew the following spells:

 Your Spells              Type           Power      Damage    Failure   Level
a - Foxfire               Conj/Fire      76%        2x1d7     2%          1
b - Flame Wave            Conj/Fire      19%        2d7       24%         4
c - Inner Flame           Hex/Fire       14%        N/A       14%         3
e - Scorch                Fire           48%        2d7       2%          2

Your spell library contained the following spells:

 Spells                   Type           Power      Damage    Failure   Level
 Kindle Blastsparks       Fire/Tloc/Air  20%        2d11      19%         3


Dungeon Overview and Level Annotations

Branches:
Dungeon (4/15)
 Temple: D:4-7

Altars:
Nemelex Xobeh

Shops:
D:2 !


Innate Abilities, Weirdness & Mutations

You are a tree.
Your roots penetrate the ground, keeping you stationary.
You cannot be teleported.
You are immune to unholy pain and torment.
Your maximum health is greatly increased.
You cannot wear most types of armour.
((You are amphibious.))
You can wear up to eight rings at the same time.
((Your skin changes colour to match your surroundings (Stealth+).))
((Your rubbery body absorbs attacks. (AC +1, EV +1)))
((You are camouflaged when in or above water. (Stealth+)))
((You have tentacles for arms and can constrict up to eight enemies at once.))
((You are partially covered in large bone plates. (SH +4)))
((You are vulnerable to cold. (rC-)))
You have hidden genetic defects.


Message History

The orc wizard hits you but does no damage.
A wave of flame ripples out!
The flame wave engulfs the orc wizard.
The orc wizard is almost dead.
The flame wave engulfs the orc wizard!
You kill the orc wizard!
The flame wave engulfs the ogre.
The ogre is moderately wounded.
The flame wave engulfs the orc!
You kill the orc!
The flame wave engulfs the endoplasm!
You kill the endoplasm!
You hear a shout!
You hear an angry hiss.
The ogre hits you but does no damage.
The orc wizard hits you but does no damage.
An orc wizard comes into view. It is wielding a +0 dagger.
A wave of flame ripples out!
The flame wave engulfs the orc wizard.
The orc wizard is almost dead.
The flame wave engulfs the ogre!
The ogre is heavily wounded.
You finish channelling waves of flame.
The orc wizard shouts!
You hear a shout!
You hear an angry hiss. x2
The orc wizard points at you and mumbles some strange words.
The magic dart hits you but does no damage.
Casting: Flame Wave (dangerous; 24% risk of failure)
Confirm with . or Enter, or press ? or * to list all spells.
Casting: Flame Wave (dangerous; 24% risk of failure)
Press: ? - help, Dir - look around, f - activate You miscast Flame Wave.
Nothing appears to happen.
The ogre hits you with a +0 giant club.
* * * LOW HITPOINT WARNING * * *
An orc wizard comes into view. It is wielding a +0 dagger.
The orc wizard hits you but does no damage.
Casting: Flame Wave (dangerous; 24% risk of failure)
Confirm with . or Enter, or press ? or * to list all spells.
Casting: Flame Wave (dangerous; 24% risk of failure)
Press: ? - help, Dir - look around, f - activate You miscast Flame Wave.
Nothing appears to happen.
The orc wizard casts a spell at you. You resist with some effort.
The ogre hits you with a +0 giant club!
You die...

#.#).^#^..#### ......#
########..##### .......
########..##......# .## #
#........#.......# .#.
#.........#......#. ....
#........##......o. .##.
#.........#...o....
.##.######.......Oo......
.#...#.#........♣o.....#.
.......>....#...)).#...#
.....#......#......# ...#
#...###..##.#.......# .##
...#'#'#...........## ..
..###.###............ .
.###._.###.##.......#
..###.###.........###
...#####.......##..


You could see an ogre, 3 orc wizards and an orc.

Vanquished Creatures
  A sky beast (D:4)
  5 scorpions (D:4)
  An orc priest (D:4)
  Jessica (D:2)
  3 orc wizards
  Terence (D:2)
  9 adders
  5 worms
  3 dart slugs
  13 orcs
  10 endoplasms
  A giant cockroach (D:1)
  6 goblins
  8 hobgoblins
  4 jackals (D:3)
  7 quokkas
  9 ball pythons
  13 bats
  3 frilled lizards
  6 kobolds
  4 rats
113 creatures vanquished.

Vanquished Creatures (collateral kills)
  A foxfire (D:4)
1 creature vanquished.

Vanquished Creatures (others)
  An orc wizard (D:4)
  293 foxfires
  11 fungi (D:4)
305 creatures vanquished.

Grand Total: 419 creatures vanquished

Notes
Turn   | Place    | Note
-------+----------+-------------------------------------------
     0 | D:1      | Conn the Octopode Fire Elementalist began the quest for the
                  | Orb.
     0 | D:1      | Reached XP level 1. HP: 11/11 MP: 3/3
   136 | D:1      | Reached XP level 2. HP: 11/17 MP: 0/5
   439 | D:1      | Reached XP level 3. HP: 21/21 MP: 0/6
   442 | D:1      | Learned a level 2 spell: Scorch
   446 | D:1      | Learned a level 3 spell: Inner Flame
   791 | D:1      | Found a faded altar of an unknown god.
  1265 | D:2      | Noticed Terence
  1518 | D:2      | Reached XP level 4. HP: 27/27 MP: 4/7
  1687 | D:2      | Found Attuus's Distillery.
  1700 | D:2      | Bought a potion of heal wounds for 55 gold pieces
  1913 | D:2      | Noticed Jessica
  1921 | D:2      | Killed Jessica
  2064 | D:2      | Killed Terence
  2065 | D:2      | Reached skill level 4 in Fire Magic
  2065 | D:2      | Reached XP level 5. HP: 31/31 MP: 4/9
  2076 | D:2      | Learned a level 4 spell: Flame Wave
  3194 | D:4      | Noticed a sky beast
  3200 | D:4      | Killed a sky beast
  3201 | D:4      | Reached skill level 1 in Axes
  3201 | D:4      | Reached XP level 6. HP: 27/37 MP: 3/11
  3294 | D:4      | Reached XP level 7. HP: 17/42 MP: 0/13
  3298 | D:4      | Reached skill level 1 in Fighting
  3459 | D:4      | Gained mutation: Your magical capacity is low. (-10% MP)
                  | [mutagenic glow]
  3472 | D:4      | Gained mutation: You occasionally lose the ability to read
                  | scrolls when taking damage. [mutagenic glow]
  3476 | D:4      | Lost mutation: Your magical capacity is low. (-10% MP)
                  | [potion of mutation]
  3476 | D:4      | Lost mutation: You occasionally lose the ability to read
                  | scrolls when taking damage. [potion of mutation]
  3476 | D:4      | Gained mutation: You are partially covered in large bone
                  | plates. (SH +4) [potion of mutation]
  3481 | D:4      | Gained mutation: You have hidden genetic defects.
                  | [mutagenic glow]
  3552 | D:4      | Reached skill level 5 in Fire Magic
  3656 | D:4      | Gained mutation: You are vulnerable to cold. (rC-) [hidden
                  | defects]
  3683 | D:4      | Found a sparkling altar of Nemelex Xobeh.
  3725 | D:4      | Slain by an ogre

Illustrated notes

Levels and vault maps discovered:
D:1:      wander_arrival_desolate, layout_loops_ring,
          shapermc_ecumenical_altar_totnotflames
D:2:      layout_rooms, serial_shops, nicolae_square_shop, grunt_ministairs_2,
          kennysheep_jessica_study, uniq_terence, uniq_jessica
D:3:      layout_basic
D:4:      old_forge, layout_cave_pools, lightli_temple_of_fire,
          nemelex_diamond_rough_becter, gup_sewer_entry_pipe, minmay_circle_x

Skill      XL: |  1  2  3  4  5  6  7 |
---------------+----------------------+-----
Stealth        | 3 4 |  4.7
Spellcasting   | 3 4 |  4.5
Fire Magic     | 4 5 |  5.2
Conjurations   | 2 3 |  3.0
Axes           | 1 2 |  2.3
Fighting       | 1 |  1.3
Short Blades   | |  0.5
Maces & Flails | |  0.1
Dodging        | |  2.5
Shields        | |  0.1
Unarmed Combat | |  0.1

Action                     |  1- 3 |  4- 6 |  7- 9 || total
---------------------------+-------+-------+-------++-------
  Melee: Unarmed           |    16 |       |       ||    16
         Tentacles         |     7 |     8 |     2 ||    17
         Constrict         |     6 |     8 |     4 ||    18
         Dagger            |     3 |     7 |       ||    10
         War axe           |       |    33 |     4 ||    37
         Mace              |       |       |    18 ||    18
   Cast: Foxfire           |    77 |    63 |    30 ||   170
         Scorch            |     2 |    12 |    10 ||    24
         Inner Flame       |       |     1 |       ||     1
         Flame Wave        |       |       |     1 ||     1
    Use: Potion            |       |     3 |     5 ||     8
         Scroll            |       |       |     7 ||     7
   Stab: Sleeping          |     2 |     3 |       ||     5
 Armour: Skin              |     3 |     5 |    17 ||    25
  Dodge: Dodged            |    28 |    39 |    22 ||    89
  Block: Other             |       |       |     7 ||     7

Table legend: (Time is in decaauts)
 A = Elapsed time spent in this place.
 B = Non-inter-level travel time spent in this place.
 C = Inter-level travel time spent in this place.
 D = Time resting spent in this place.
 E = Time spent auto-exploring this place.
 F = Levels seen in this place.
 G = Mean time per level.
                   A        B        C        D        E       F      G
               +--------+--------+--------+--------+--------+-----+--------+
         Total |   3746 |   3652 |     94 |      0 |   2405 |   4 |  936.5 |
       Dungeon |   3746 |   3652 |     94 |      0 |   2405 |   4 |  936.5 |
               +--------+--------+--------+--------+--------+-----+--------+

Top non-repeatable levels by time:
     D:1: 1227 daAuts
     D:3: 1038 daAuts
     D:2: 882 daAuts
     D:4: 597 daAuts
